 Dungeon Crawl Stone Soup version 0.17-a0-1996-gd2c0ec8 (webtiles) character file.

1224 Geeful the Zephyrmancer (level 8, -4/41 HPs)
             Began as a Tengu Air Elementalist on Oct 7, 2015.
             Slain by an orc warrior
             ... wielding a +0 mace
              (10 damage)
             ... on level 5 of the Dungeon.
             The game lasted 00:26:09 (7173 turns).

Geeful the Zephyrmancer (Tengu Air Elementalist)    Turns: 7173, Time: 00:26:09

Health: -4/41      AC:  7    Str:  8    XL:     8   Next: 47%
Magic:  13/17      EV: 12    Int: 22    God:
Gold:   225        SH:  0    Dex: 15    Spells: 2 memorised, 15 levels left

rFire  . . .     SeeInvis .     z - +3 falchion (protect)
rCold  . . .     Clarity  .     a - +0 robe
rNeg   . . .     SustAt   .     (no shield)
rPois  .         Gourm    .     (helmet restricted)
rElec  .         Spirit   .     (no cloak)
rCorr  +         Warding  .     (no gloves)
rMut   .         Stasis   .     (boots unavailable)
MR     .....                    f - amulet of resist corrosion
Stlth  +++.......               y - ring of stealth
                                j - +4 ring of intelligence

@: about to teleport, repel missiles, not resistant to hostile enchantments,
fairly stealthy
A: beak, talons 3, able to fly 1
a: Fly


You were on level 5 of the Dungeon.
You were not hungry.

You visited 1 branch of the dungeon, and saw 6 of its levels.

You collected 225 gold pieces.

Inventory:

Hand Weapons
 e - a +0 dagger
 g - a +0 short sword
 h - a +0 falchion
 s - a +0 war axe
 z - a +3 falchion of protection (weapon)
Missiles
 d - 13 tomahawks (quivered)
 i - 12 poisoned needles
Armour
 a - a +0 robe (worn)
Jewellery
 f - an amulet of resist corrosion (around neck)
 j - a +4 ring of intelligence (left hand)
 k - an uncursed ring of invisibility
 y - a ring of stealth (right hand)
Wands
 x - a wand of confusion (14)
 D - a wand of flame (27)
Scrolls
 l - 2 scrolls of teleportation
 r - a scroll of enchant weapon
 G - a scroll of fear {unknown}
Potions
 n - a potion of curing
 p - a potion of degeneration {unknown}
 t - a potion of might {unknown}
 v - 2 potions of flight
 w - a potion of magic {unknown}
 A - a potion of ambrosia {unknown}
 C - a potion of brilliance {unknown}
 E - a potion of lignification {unknown}
Books
 b - a book of Air

   Spells                             Type                      Level
   a - Shock                          Conjuration/Air              1
   b - Swiftness                      Charms/Air                   2
   c - Repel Missiles                 Charms/Air                   2
   d - Static Discharge               Conjuration/Air              3
   e - Lightning Bolt                 Conjuration/Air              5
Comestibles
 c - 4 bread rations
 o - 2 meat rations
 B - a royal jelly
 H - a chunk of flesh


   Skills:
 - Level 2.1 Dodging
 - Level 2.0 Stealth
 + Level 5.8 Spellcasting
 + Level 7.6 Conjurations
 + Level 8.0 Air Magic


You had 15 spell levels left.
You knew the following spells:

 Your Spells              Type           Power        Failure   Level  Hunger
a - Shock                 Conj/Air       ####         1%          1    None
b - Repel Missiles        Chrm/Air       ###...       3%          2    None


Dungeon Overview and Level Annotations

Branches:
Dungeon (6/15)
 Temple: D:4-7

Altars:
Ashenzari
Okawaru
Yredelemnul

Shops:
D:4 %


Innate Abilities, Weirdness & Mutations

You have a beak for a mouth.
You have claws for feet.
You can fly.


Message History

Aim: an orc warrior, wielding a mace and wearing a chain mail (moderately wounded)
The zap hits the orc.
The orc is almost dead.
The zap misses the orc warrior.
The orc hits you with a club.
* * * LOW HITPOINT WARNING * * *
Casting: Shock
Confirm with . or Enter, or press ? or * to list all spells.
Aiming: Shock
Press: ? - help, Shift-Dir - straight line, f/p - orc warrior
Aim: an orc warrior, wielding a mace and wearing a chain mail (moderately wounded)
The zap hits the orc.
You kill the orc!
The zap hits the orc warrior.
The orc warrior appears unharmed.
The orc warrior is moderately wounded.
Drink which item? (? for menu, Esc to quit)
Okay, then.
Read which item? (? for menu, Esc to quit)
As you read the scroll of teleportation, it crumbles to dust.
You feel strangely unstable. The orc warrior hits you with a mace!
You die...

#.##..# #.#...........##.#
#.##..###...[.........##.#
#.##...........###.#####.######
#..............# #..# #.......
####.######.##.####.# #.######
#.# #.#...###.####.##### #.#
#..................# #)#
#.....###.####.###.#
#.######..#@## #.###...##.##
#.........#o# #.#..........
######.###.>####.#.#...#.###
#.## ##........##.##.# #.#
#...........##.# #.##
##.#.##.#######.#
##.###.##.##<#######.###
##...###.##.#..........
##...###............##.


You could see an orc warrior.

Vanquished Creatures
  Grinder (D:4)
  An orc warrior (D:6)
  A phantom (D:4)
  4 wights (D:6)
  2 hounds
  A giant frog skeleton (D:4)
  2 orc wizards
  3 orc priests
  Jessica (D:3)
  Terence (D:3)
  Natasha (thrice) (D:3)
  6 worker ants
  A hound skeleton (D:5)
  5 adders
  A shadow imp (D:5)
  3 oozes
  2 worms
  2 giant geckos
  28 orcs
  2 ball pythons
  5 giant cockroaches
  13 goblins
  8 hobgoblins
  11 jackals
  8 kobolds
  A quokka (D:3)
  6 bats
  6 giant newts
  2 gnoll zombies (D:3)
  A jackal skeleton (D:5)
  A jackal zombie (D:5)
  7 rats
139 creatures vanquished.

Notes
Turn   | Place    | Note
--------------------------------------------------------------
     0 | D:1      | Geeful the Tengu Air Elementalist began the quest for the Orb.
     0 | D:1      | Reached XP level 1. HP: 10/10 MP: 4/4
   418 | D:1      | Reached XP level 2. HP: 13/15 MP: 0/6
  1328 | D:1      | Reached XP level 3. HP: 15/19 MP: 7/7
  2257 | D:2      | Reached XP level 4. HP: 10/24 MP: 4/9
  3092 | D:2      | Learned a level 2 spell: Repel Missiles
  3131 | D:3      | Gained mutation: You can fly. [Tengu growth]
  3131 | D:3      | Reached XP level 5. HP: 18/28 MP: 3/10
  3324 | D:3      | Found an iron altar of Okawaru.
  3381 | D:3      | Reached skill level 5 in Air Magic
  4023 | D:3      | Noticed Terence
  4040 | D:3      | Killed Terence
  4077 | D:3      | Noticed Jessica
  4088 | D:3      | Killed Jessica
  4088 | D:3      | Reached XP level 6. HP: 24/32 MP: 12/12
  4280 | D:3      | Found a basalt altar of Yredelemnul.
  4361 | D:3      | Noticed Natasha
  4368 | D:3      | Killed Natasha
  4503 | D:3      | Noticed Natasha
  4510 | D:3      | Killed Natasha
  4571 | D:3      | Noticed Natasha
  4575 | D:3      | Killed Natasha
  4627 | D:4      | Reached skill level 5 in Conjurations
  4901 | D:4      | Reached skill level 6 in Air Magic
  4960 | D:4      | Noticed Grinder
  4977 | D:4      | Killed Grinder
  4977 | D:4      | Reached XP level 7. HP: 24/36 MP: 4/14
  5239 | D:4      | Reached skill level 7 in Air Magic
  5296 | D:4      | Found Ugoetin's Food Shoppe.
  5595 | D:5      | Entered Level 5 of the Dungeon
  5672 | D:5      | Reached skill level 5 in Spellcasting
  5846 | D:5      | Found a shattered altar of Ashenzari.
  6292 | D:5      | Reached XP level 8. HP: 41/41 MP: 10/16
  6741 | D:6      | Reached skill level 8 in Air Magic
  7173 | D:5      | Slain by an orc warrior

Vault maps used:
D:1:      lightli_arrival_boilingwater, serial_park_tiny_2, grunt_decor_cap,
          minmay_misc_feat_four_crosses
D:3:      lemuel_zombie_altar_yredelemnul, lemuel_crystal_altar, first_bread,
          serial_bayou_ford_a, uniq_natasha, uniq_jessica, uniq_terence
D:4:      serial_shops, shop, uniq_grinder
D:5:      cheibrodos_ashenzari_chains
D:6:      grunt_qazlal_clouds, lemuel_round_altar, uniq_crazy_yiuf_cottage

Action                   |  1- 3 |  4- 6 |  7- 9 || total
-------------------------+-------+-------+-------++-------
Melee: Dagger            |    46 |       |       ||    46
       Short sword       |    62 |    33 |       ||    95
       Falchion          |       |    27 |    14 ||    41
       War axe           |       |    25 |    21 ||    46
Throw: Tomahawk          |       |     1 |       ||     1
 Cast: Shock             |    32 |    74 |    91 ||   197
       Repel Missiles    |       |     1 |       ||     1
Evoke: Wand              |       |       |     4 ||     4
  Use: Scroll            |     2 |       |     9 ||    11
       Potion            |       |       |     1 ||     1
 Stab: Sleeping          |     5 |     6 |     1 ||    12
  Eat: Chunk             |     4 |     9 |     7 ||    20
